WCHLSIM.com - West Coast Hockey League
html PUBLIC "-//W3C//DTD XHTML 1.0 Transitional//EN" "http://www.w3.org/TR/xhtml1/DTD/xhtml1-transitional.dtd"> WCHL - Game 282 - ANCHORAGE ACES vs LONG BEACH BARACUDAS

ANCHORAGE ACES vs LONG BEACH BARACUDAS

Created - 15 novembre 2019 at 17:22

Goals
1 2 3 T
ANCHORAGE ACES 0 2 1 3
LONG BEACH BARACUDAS 1 0 1 2
Shots
1 2 3 T
ANCHORAGE ACES 8 11 5 24
LONG BEACH BARACUDAS 14 11 16 41

1st period

1. LONG BEACH BARACUDAS , Kyle Palmieri 3 (Brad Richardson 3) at 15:13

Penalties :
Jordan Oesterle (LOB) for Holding (Minor) at 8:21, Leon Draisaitl (ANC) for Elbowing (Minor) at 19:32

2nd period

2. ANCHORAGE ACES , Connor McDavid 14 (Nathan MacKinnon 15) at 4:38
3. ANCHORAGE ACES , Jakob Silfverberg 5 (Chris Kreider 12, Leon Draisaitl 12) at 19:55

Penalties :
Taylor Hall (LOB) for Hooking (Minor) at 6:17, Brandon Montour (LOB) for Hooking (Minor) at 13:18

3rd period

4. LONG BEACH BARACUDAS , Zachary Werenski 2 (Sidney Crosby 15, Taylor Hall 13) at 2:06
5. ANCHORAGE ACES , Connor McDavid 15 (Leon Draisaitl 13, Jacob Trouba 12) at 6:57 (PP)

Penalties :
Jordan Oesterle (LOB) for Tripping (Minor) at 6:26, Tom Kuhnhackl (ANC) for Interference (Minor) at 8:15

Goalie Stats

Martin Jones (ANC), 39 saves from 41 shots - (0,951), W, 10-4-1, 60:00 minutes
Darcy Kuemper (LOB), 21 saves from 24 shots - (0,875), L, 13-3-1, 59:06 minutes

Players Stats for ANCHORAGE ACES

Player Name              G  A  P  +/- PIM S  H  SB GA TA FO     MP     PP MP  PK MP  
------------------------------------------------------------------------------------
Andrew Cogliano          0  0  0   0  0   0  0  0  0  0  0/0     4:36   0:00   0:00 
Ben Chiarot              0  0  0  -2  0   1  1  1  0  0  0/0    20:41   3:02   2:06 
Cal Clutterbuck          0  0  0  -1  0   1  4  0  0  0  2/2    11:10   0:00   0:00 
Chris Kreider            0  1  1   1  0   0  0  0  0  0  0/2    19:38   2:52   0:00 
Christian Folin          0  0  0  -2  0   0  2  0  0  0  0/0    15:33   0:00   0:00 
Connor McDavid           2  0  2   0  0   5  0  0  0  0  5/7    20:35   3:33   0:00 
Darnell Nurse            0  0  0   0  0   0  0  1  0  0  0/0    20:43   3:26   0:00 
Deryk Engelland          0  0  0   2  0   0  0  1  0  0  0/0    17:43   0:00   1:52 
Frank Vatrano            0  0  0  -1  0   2  1  0  0  0  0/1    16:29   2:55   2:24 
Jacob Trouba             0  1  1   0  0   1  1  3  0  0  0/0    23:18   3:02   2:06 
Jakob Silfverberg        1  0  1   1  0   2  0  0  0  0  1/1    21:53   3:33   1:34 
Joonas Donskoi           0  0  0   0  0   0  1  0  0  0  0/0    17:02   0:00   0:00 
Leon Draisaitl           0  2  2   1  2   4  1  0  0  0  11/19  20:18   3:33   0:00 
Nate Thompson            0  0  0   0  0   1  0  0  0  0  2/8     6:13   0:03   1:34 
Nathan MacKinnon         0  1  1   0  0   4  0  0  0  0  12/29  19:57   2:55   0:00 
Ryan Suter               0  0  0   2  0   1  0  0  0  0  0/0    22:02   3:26   1:52 
Tom Kuhnhackl            0  0  0   0  2   1  2  0  0  0  0/0     4:35   0:00   0:00 
Tyler Bozak              0  0  0  -1  0   1  0  0  0  0  7/12   13:34   0:00   2:24 

Players Stats for LONG BEACH BARACUDAS

Player Name              G  A  P  +/- PIM S  H  SB GA TA FO     MP     PP MP  PK MP  
------------------------------------------------------------------------------------
Alex Pietrangelo         0  0  0   0  0   1  1  1  0  0  0/0    22:26   0:00   3:20 
Ben Hutton               0  0  0   0  0   1  0  0  0  0  0/0    23:37   1:30   2:56 
Brad Richardson          0  1  1   0  0   5  2  0  0  0  1/3    14:35   0:00   2:35 
Brandon Montour          0  0  0   0  2   0  0  1  0  0  0/0    17:23   0:00   2:28 
Daniel Carr              0  0  0   0  0   1  0  0  0  0  0/0     3:41   0:00   0:00 
Derick Brassard          0  0  0   0  0   2  0  0  0  0  5/11    7:34   0:00   3:53 
Elias Lindholm           0  0  0   0  0   0  1  0  0  0  0/0    21:10   2:04   3:53 
Jordan Oesterle          0  0  0   0  4   0  1  1  0  0  0/0    18:35   1:30   1:35 
Justin Schultz           0  0  0   0  0   0  0  0  0  0  0/0    13:22   0:00   2:05 
Kyle Connor              0  0  0   0  0   5  2  0  0  0  0/0    17:17   2:04   0:00 
Kyle Palmieri            1  0  1   0  0   5  2  0  0  0  0/1    16:29   1:54   2:35 
Luke Kunin               0  0  0   0  0   0  0  0  0  0  0/0     3:41   0:00   0:00 
Nolan Patrick            0  0  0   0  0   1  1  0  0  0  2/14   12:00   0:00   0:00 
Sam Reinhart             0  0  0   0  0   7  1  1  0  0  0/2    21:08   2:28   0:00 
Sidney Crosby            0  1  1   0  0   4  1  0  0  0  20/27  20:55   1:54   0:00 
Steven Stamkos           0  0  0   0  0   4  1  0  0  0  12/21  16:56   2:04   0:00 
Taylor Hall              0  1  1   0  2   4  1  0  0  0  1/2    20:33   1:54   0:00 
Zachary Werenski         1  0  1   0  0   1  2  0  0  0  0/0    22:06   2:28   0:32 

3 Stars

1 - Connor McDavid (ANC)
2 - Martin Jones (ANC)
3 - Jakob Silfverberg (ANC)

Power Play

ANCHORAGE ACES - 1 on 4 Attempt(s) - 25,00%
LONG BEACH BARACUDAS - 0 on 2 Attempt(s) - 0,00%

Penalty Kill

ANCHORAGE ACES - 2 on 2 Attempt(s) - 100,00% - Score 0 goal in Penalty Kill
LONG BEACH BARACUDAS - 3 on 4 Attempt(s) - 75,00% - Score 0 goal in Penalty Kill

Team Stat

ANCHORAGE ACES - Hits : 13 - Faceoff Wins : 40 - Blocked Shots : 6 - Penalty Minutes : 4
LONG BEACH BARACUDAS - Hits : 16 - Faceoff Wins : 41 - Blocked Shots : 4 - Penalty Minutes : 8

Official

Referees : Brad Watson and Dan O'Rourke
Linesman : Ryan Knapp and Joe DeMizio

Game Notes

No Game Note

Finance

Level 1 -- Attendance: 4649 (73,79%) -- Ticket Income 860 065 $
Level 2 -- Attendance: 3586 (66,10%) -- Ticket Income 448 250 $
Level 3 -- Attendance: 1975 (64,75%) -- Ticket Income 144 175 $
Level 4 -- Attendance: 5809 (96,18%) -- Ticket Income 174 270 $
Luxury Box -- Attendance: 683 (52,14%) -- Ticket Income 273 200 $
Game was played at the MONSTER ENERGY CENTER.
Total Attendance: 16702 (75,49%)
Total Ticket Income: 1 899 960 $
Other Income: 569 988 $
Total Income: 2 469 948 $

ANCHORAGE ACES

5 vs 5 Forward 
   Center                   Left Wing                Right Wing               Time % Phy DF OF 
 1 Nathan MacKinnon         Connor McDavid           Joonas Donskoi           35     0   1  4  
 2 Leon Draisaitl           Chris Kreider            Jakob Silfverberg        35     0   2  3  
 3 Tyler Bozak              Frank Vatrano            Cal Clutterbuck          20     1   2  2  
 4 Nate Thompson            Andrew Cogliano          Tom Kuhnhackl            10     1   2  2  

5 vs 5 Defense 
   Defense                  Defense                                           Time % Phy DF OF 
 1 Jacob Trouba             Darnell Nurse                                     33     1   2  2  
 2 Ryan Suter               Deryk Engelland                                   33     1   2  2  
 3 Christian Folin          Ben Chiarot                                       33     1   2  2  
 4 Ryan Suter               Jacob Trouba                                      1      1   2  2  

PowerPlay Forward 
   Center                   Left Wing                Right Wing               Time % Phy DF OF 
 1 Connor McDavid           Leon Draisaitl           Jakob Silfverberg        55     0   1  4  
 2 Nathan MacKinnon         Chris Kreider            Frank Vatrano            45     0   1  4  

PowerPlay Defense
   Defense                  Defense                                           Time % Phy DF OF 
 1 Ryan Suter               Darnell Nurse                                     55     1   2  2  
 2 Jacob Trouba             Ben Chiarot                                       45     1   2  2  

Penalty Kill 4 Players Forward 
   Center                   Wing                     Time % Phy DF OF 
 1 Tyler Bozak              Frank Vatrano            55     1   2  2  
 2 Nate Thompson            Jakob Silfverberg        45     1   2  2  

Penalty Kill 4 Players Defense
   Defense                  Defense                  Time % Phy DF OF 
 1 Ryan Suter               Deryk Engelland          55     1   3  1  
 2 Ben Chiarot              Jacob Trouba             45     1   3  1  

Penalty Kill - 3 Players Forward 
   Forward                                           Time % Phy DF OF 
 1 Tyler Bozak                                       55     0   5  0  
 2 Nate Thompson                                     45     0   5  0  

Penalty Kill - 3 Players Defense
   Defense                  Defense                  Time % Phy DF OF 
 1 Jacob Trouba             Deryk Engelland          55     1   4  0  
 2 Darnell Nurse            Ryan Suter               45     1   4  0  

4 vs 4 Forward 
   Center                   Wing                     Time % Phy DF OF 
 1 Nathan MacKinnon         Connor McDavid           55     1   2  2  
 2 Leon Draisaitl           Chris Kreider            45     1   2  2  

4 vs 4 Defense
   Defense                  Defense                  Time % Phy DF OF 
 1 Ryan Suter               Jacob Trouba             55     1   2  2  
 2 Darnell Nurse            Deryk Engelland          45     1   2  2  

Last Minutes Offensive
   Center                   Left Wing                Right Wing               Defense                  Defense                  
   Nathan MacKinnon         Leon Draisaitl           Connor McDavid           Ryan Suter               Jacob Trouba             

Last Minutes Defensive
   Center                   Left Wing                Right Wing               Defense                  Defense                  
   Nathan MacKinnon         Leon Draisaitl           Jakob Silfverberg        Ryan Suter               Jacob Trouba             

Goaltenders
Starting : Martin Jones             
Backup : James Reimer             

Extra Forwards
Normal : Tyler Bozak, Nathan MacKinnon, Cal Clutterbuck - PP : Nathan MacKinnon, Nate Thompson - PK : Cal Clutterbuck
Extra Defensemen
Normal : Deryk Engelland, Ben Chiarot, Darnell Nurse - PP : Deryk Engelland - PK : Ben Chiarot, Darnell Nurse
Penalty Shots
Connor McDavid, Nathan MacKinnon, Leon Draisaitl, Chris Kreider, Jakob Silfverberg
Custom OT Lines Forwards
Nathan MacKinnon, Connor McDavid, Leon Draisaitl, Chris Kreider, Jakob Silfverberg, Tyler Bozak, Joonas Donskoi, Nate Thompson, Cal Clutterbuck, Andrew Cogliano
Custom OT Lines Defensemen
Ryan Suter, Jacob Trouba, Darnell Nurse, Deryk Engelland, Christian Folin

Scratches
Braden Christoffer (Healthy), Niklas Hjalmarsson (Sore Right Knee Injury), Brendan Woods (Healthy), Frank Hora (Healthy), Jonathan Racine (Healthy)
Reid Gardiner (Healthy)

LONG BEACH BARACUDAS

5 vs 5 Forward 
   Center                   Left Wing                Right Wing               Time % Phy DF OF 
 1 Sidney Crosby            Taylor Hall              Sam Reinhart             37     0   1  4  
 2 Steven Stamkos           Kyle Connor              Elias Lindholm           30     0   2  3  
 3 Nolan Patrick            Brad Richardson          Kyle Palmieri            25     0   2  3  
 4 Derick Brassard          Daniel Carr              Luke Kunin               8      0   3  2  

5 vs 5 Defense 
   Defense                  Defense                                           Time % Phy DF OF 
 1 Alex Pietrangelo         Zachary Werenski                                  36     1   2  2  
 2 Jordan Oesterle          Ben Hutton                                        31     1   2  2  
 3 Brandon Montour          Justin Schultz                                    23     1   2  2  
 4 Brandon Montour          Ben Hutton                                        10     1   2  2  

PowerPlay Forward 
   Center                   Left Wing                Right Wing               Time % Phy DF OF 
 1 Sidney Crosby            Taylor Hall              Kyle Palmieri            55     0   2  3  
 2 Steven Stamkos           Kyle Connor              Elias Lindholm           45     0   2  3  

PowerPlay Defense
   Defense                  Defense                                           Time % Phy DF OF 
 1 Sam Reinhart             Zachary Werenski                                  55     0   2  3  
 2 Jordan Oesterle          Ben Hutton                                        45     0   2  3  

Penalty Kill 4 Players Forward 
   Center                   Wing                     Time % Phy DF OF 
 1 Derick Brassard          Elias Lindholm           55     0   4  1  
 2 Brad Richardson          Kyle Palmieri            45     0   4  1  

Penalty Kill 4 Players Defense
   Defense                  Defense                  Time % Phy DF OF 
 1 Alex Pietrangelo         Jordan Oesterle          55     0   4  1  
 2 Brandon Montour          Ben Hutton               45     0   4  1  

Penalty Kill - 3 Players Forward 
   Forward                                           Time % Phy DF OF 
 1 Daniel Carr                                       55     0   4  1  
 2 Derick Brassard                                   45     0   4  1  

Penalty Kill - 3 Players Defense
   Defense                  Defense                  Time % Phy DF OF 
 1 Ben Hutton               Brandon Montour          55     0   3  1  
 2 Justin Schultz           Jordan Oesterle          45     0   3  1  

4 vs 4 Forward 
   Center                   Wing                     Time % Phy DF OF 
 1 Nolan Patrick            Kyle Palmieri            55     0   2  3  
 2 Derick Brassard          Taylor Hall              45     0   2  3  

4 vs 4 Defense
   Defense                  Defense                  Time % Phy DF OF 
 1 Alex Pietrangelo         Brandon Montour          55     0   2  3  
 2 Jordan Oesterle          Justin Schultz           45     0   2  3  

Last Minutes Offensive
   Center                   Left Wing                Right Wing               Defense                  Defense                  
   Sidney Crosby            Kyle Connor              Elias Lindholm           Alex Pietrangelo         Zachary Werenski         

Last Minutes Defensive
   Center                   Left Wing                Right Wing               Defense                  Defense                  
   Sam Reinhart             Brad Richardson          Elias Lindholm           Alex Pietrangelo         Zachary Werenski         

Goaltenders
Starting : Darcy Kuemper            
Backup : Brian Elliott            

Extra Forwards
Normal : Nolan Patrick, Kyle Palmieri, Brad Richardson - PP : Nolan Patrick, Kyle Palmieri - PK : Brad Richardson
Extra Defensemen
Normal : Jordan Oesterle, Justin Schultz, Brandon Montour - PP : Jordan Oesterle - PK : Justin Schultz, Brandon Montour
Penalty Shots
Sidney Crosby, Steven Stamkos, Elias Lindholm, Taylor Hall, Sam Reinhart
Custom OT Lines Forwards
Sidney Crosby, Steven Stamkos, Elias Lindholm, Kyle Connor, Sam Reinhart, Taylor Hall, Kyle Palmieri, Brad Richardson, Derick Brassard, Nolan Patrick
Custom OT Lines Defensemen
Alex Pietrangelo, Zachary Werenski, Brandon Montour, Ben Hutton, Jordan Oesterle

Scratches
None


% Time on Ice - ANCHORAGE ACES

Lines # - Real PCT - Wanted PCT - Time Play
Normal Forward
1 - 34% - 35% - 17:02
2 - 34% - 35% - 16:46
3 - 23% - 20% - 11:10
4 - 9% - 10% - 4:36
Normal Defense
1 - 35% - 33% - 17:17
2 - 32% - 33% - 15:51
3 - 31% - 33% - 15:33
4 - 2% - 1% - 0:53
PP Forward
1 - 55% - 55% - 3:33
2 - 45% - 45% - 2:55
PP Defense
1 - 53% - 55% - 3:26
2 - 47% - 45% - 3:02
PK Forward
1 - 61% - 55% - 2:24
2 - 39% - 45% - 1:34
PK Defense
1 - 47% - 55% - 1:52
2 - 53% - 45% - 2:06
PK3 Forward
1 - 0% - 55%
2 - 0% - 45%
PK3 Defense
1 - 0% - 55%
2 - 0% - 45%
44 Forward
1 - 0% - 55%
2 - 0% - 45%
44 Defense
1 - 0% - 55%
2 - 0% - 45%
Last Minute Offensive  - 0:00
Last Minute Defensive  - 0:00
Total
Forward - 60:00
Defense - 60:00

% Time on Ice - LONG BEACH BARACUDAS

Lines # - Real PCT - Wanted PCT - Time Play
Normal Forward
1 - 38% - 37% - 18:40
2 - 30% - 30% - 14:52
3 - 24% - 25% - 12:00
4 - 7% - 8% - 3:41
Normal Defense
1 - 38% - 36% - 18:45
2 - 32% - 31% - 15:32
3 - 23% - 23% - 11:17
4 - 7% - 10% - 3:39
PP Forward
1 - 48% - 55% - 1:54
2 - 52% - 45% - 2:04
PP Defense
1 - 62% - 55% - 2:28
2 - 38% - 45% - 1:30
PK Forward
1 - 60% - 55% - 3:53
2 - 40% - 45% - 2:35
PK Defense
1 - 53% - 55% - 3:27
2 - 47% - 45% - 3:01
PK3 Forward
1 - 0% - 55%
2 - 0% - 45%
PK3 Defense
1 - 0% - 55%
2 - 0% - 45%
44 Forward
1 - 0% - 55%
2 - 0% - 45%
44 Defense
1 - 0% - 55%
2 - 0% - 45%
Last Minute Offensive  - 0:21
Last Minute Defensive  - 0:00
Total
Forward - 60:00
Defense - 60:00

Play-by-Play

1st period


0:01 of 1st period - Sidney Crosby wins face-off versus Nathan MacKinnon in neutral zone.
0:08 of 1st period - Shot by Nathan MacKinnon.
0:08 of 1st period - Shot Misses the Net.
1:02 of 1st period - Icing by Nathan MacKinnon.
1:03 of 1st period - Nathan MacKinnon wins face-off versus Brad Richardson in ANCHORAGE ACES zone.
1:03 of 1st period - Connor McDavid is hit by Kyle Palmieri and loses puck.
1:34 of 1st period - Shot by Brad Richardson.
1:34 of 1st period - Stopped by Martin Jones without a rebound.
1:35 of 1st period - Steven Stamkos wins face-off versus Tyler Bozak in ANCHORAGE ACES zone.
2:59 of 1st period - Shot by Chris Kreider.
2:59 of 1st period - Shot Misses the Net.
3:01 of 1st period - Shot by Ryan Suter.
3:01 of 1st period - Shot Misses the Net.
3:35 of 1st period - Shot by Nate Thompson.
3:35 of 1st period - Stopped by Darcy Kuemper without a rebound.
3:36 of 1st period - Sidney Crosby wins face-off versus Nathan MacKinnon in LONG BEACH BARACUDAS zone.
3:36 of 1st period - Taylor Hall is hit by Christian Folin.
4:12 of 1st period - Shot by Nathan MacKinnon.
4:12 of 1st period - Stopped by Darcy Kuemper without a rebound.
4:13 of 1st period - Tyler Bozak wins face-off versus Nolan Patrick in LONG BEACH BARACUDAS zone.
4:39 of 1st period - Shot by Kyle Palmieri.
4:39 of 1st period - Shot Misses the Net.
5:42 of 1st period - Shot by Steven Stamkos.
5:42 of 1st period - Shot Blocked by Ben Chiarot.
5:52 of 1st period - Shot by Elias Lindholm.
5:52 of 1st period - Shot Misses the Net.
5:54 of 1st period - Shot by Alex Pietrangelo.
5:54 of 1st period - Stopped by Martin Jones with a rebound.
5:56 of 1st period - Shot by Kyle Connor.
5:56 of 1st period - Shot Misses the Net.
5:58 of 1st period - Shot by Alex Pietrangelo.
5:58 of 1st period - Shot Misses the Net.
6:22 of 1st period - Shot by Sidney Crosby.
6:22 of 1st period - Deflect By Taylor Hall.
6:22 of 1st period - Stopped by Martin Jones without a rebound.
6:23 of 1st period - Nathan MacKinnon wins face-off versus Derick Brassard in ANCHORAGE ACES zone.
6:30 of 1st period - Shot by Connor McDavid.
6:30 of 1st period - Stopped by Darcy Kuemper with a rebound.
6:58 of 1st period - Shot by Derick Brassard.
6:58 of 1st period - Stopped by Martin Jones with a rebound.
7:31 of 1st period - Ben Hutton is hit by Tom Kuhnhackl and loses puck.
7:42 of 1st period - Shot by Nate Thompson.
7:42 of 1st period - Shot Misses the Net.
7:55 of 1st period - Sidney Crosby is hit by Tom Kuhnhackl and loses puck.
8:10 of 1st period - Deryk Engelland is hit by Taylor Hall and loses puck.
8:21 of 1st period - Minor Penalty to Jordan Oesterle for Holding.
8:22 of 1st period - Derick Brassard wins face-off versus Connor McDavid in LONG BEACH BARACUDAS zone.
8:22 of 1st period - Derick Brassard is hit by Leon Draisaitl.
10:11 of 1st period - Shot by Leon Draisaitl.
10:11 of 1st period - Shot Blocked by Alex Pietrangelo.
10:13 of 1st period - Shot by Ben Chiarot.
10:13 of 1st period - Stopped by Darcy Kuemper without a rebound.
10:14 of 1st period - Nathan MacKinnon wins face-off versus Derick Brassard in LONG BEACH BARACUDAS zone.
11:01 of 1st period - Off-side.
11:02 of 1st period - Steven Stamkos wins face-off versus Nathan MacKinnon in neutral zone.
11:24 of 1st period - Icing by Elias Lindholm.
11:25 of 1st period - Leon Draisaitl wins face-off versus Steven Stamkos in LONG BEACH BARACUDAS zone.
11:52 of 1st period - Shot by Steven Stamkos.
11:52 of 1st period - Stopped by Martin Jones without a rebound.
11:53 of 1st period - Connor McDavid wins face-off versus Nolan Patrick in ANCHORAGE ACES zone.
12:56 of 1st period - Icing by Ben Chiarot.
12:57 of 1st period - Sidney Crosby wins face-off versus Leon Draisaitl in ANCHORAGE ACES zone.
12:57 of 1st period - Sidney Crosby is hit by Ben Chiarot.
13:01 of 1st period - Shot by Sidney Crosby.
13:01 of 1st period - Stopped by Martin Jones without a rebound.
13:02 of 1st period - Leon Draisaitl wins face-off versus Steven Stamkos in ANCHORAGE ACES zone.
13:33 of 1st period - Shot by Kyle Connor.
13:33 of 1st period - Stopped by Martin Jones with a rebound.
13:37 of 1st period - Shot by Elias Lindholm.
13:37 of 1st period - Shot Misses the Net.
13:47 of 1st period - Shot by Elias Lindholm.
13:47 of 1st period - Shot Blocked by Deryk Engelland.
13:49 of 1st period - Shot by Ben Hutton.
13:49 of 1st period - Stopped by Martin Jones with a rebound.
14:16 of 1st period - Off-side.
14:17 of 1st period - Connor McDavid wins face-off versus Nolan Patrick in neutral zone.
14:17 of 1st period - Connor McDavid is hit by Nolan Patrick.
14:35 of 1st period - Shot by Kyle Palmieri.
14:35 of 1st period - Stopped by Martin Jones without a rebound.
14:36 of 1st period - Cal Clutterbuck wins face-off versus Sidney Crosby in ANCHORAGE ACES zone.
14:59 of 1st period - Shot by Frank Vatrano.
14:59 of 1st period - Stopped by Darcy Kuemper without a rebound.
15:00 of 1st period - Nolan Patrick wins face-off versus Nathan MacKinnon in LONG BEACH BARACUDAS zone.
15:13 of 1st period - Shot by Kyle Palmieri.
15:13 of 1st period - Goal by Kyle Palmieri - ANCHORAGE ACES : 0 - LONG BEACH BARACUDAS : 1.
15:14 of 1st period - Sidney Crosby wins face-off versus Tyler Bozak in neutral zone.
15:49 of 1st period - Shot by Tyler Bozak.
15:49 of 1st period - Shot Misses the Net.
15:51 of 1st period - Shot by Frank Vatrano.
15:51 of 1st period - Stopped by Darcy Kuemper with a rebound.
15:55 of 1st period - Shot by Cal Clutterbuck.
15:55 of 1st period - Shot Blocked by Brandon Montour.
16:29 of 1st period - Shot by Kyle Connor.
16:29 of 1st period - Stopped by Martin Jones without a rebound.
16:30 of 1st period - Nathan MacKinnon wins face-off versus Nolan Patrick in ANCHORAGE ACES zone.
16:41 of 1st period - Shot by Brad Richardson.
16:41 of 1st period - Stopped by Martin Jones without a rebound.
16:42 of 1st period - Nate Thompson wins face-off versus Steven Stamkos in ANCHORAGE ACES zone.
16:59 of 1st period - Shot by Steven Stamkos.
16:59 of 1st period - Shot Misses the Net.
17:33 of 1st period - Shot by Nathan MacKinnon.
17:33 of 1st period - Deflect By Connor McDavid.
17:33 of 1st period - Stopped by Darcy Kuemper with a rebound.
18:09 of 1st period - Shot by Nathan MacKinnon.
18:09 of 1st period - Stopped by Darcy Kuemper without a rebound.
18:10 of 1st period - Leon Draisaitl wins face-off versus Sam Reinhart in LONG BEACH BARACUDAS zone.
18:25 of 1st period - Shot by Taylor Hall.
18:25 of 1st period - Shot Misses the Net.
18:27 of 1st period - Shot by Sidney Crosby.
18:27 of 1st period - Deflect By Taylor Hall.
18:27 of 1st period - Shot Misses the Net.
18:37 of 1st period - Shot by Sidney Crosby.
18:37 of 1st period - Stopped by Martin Jones without a rebound.
18:38 of 1st period - Nolan Patrick wins face-off versus Tyler Bozak in ANCHORAGE ACES zone.
19:32 of 1st period - Minor Penalty to Leon Draisaitl for Elbowing.
19:33 of 1st period - Steven Stamkos wins face-off versus Nate Thompson in ANCHORAGE ACES zone.
19:36 of 1st period - Shot by Kyle Connor.
19:36 of 1st period - Shot Misses the Net.
19:51 of 1st period - Shot by Sam Reinhart.
19:51 of 1st period - Stopped by Martin Jones without a rebound.
19:52 of 1st period - Sidney Crosby wins face-off versus Nate Thompson in ANCHORAGE ACES zone.
Goals for this period are 0 for ANCHORAGE ACES vs 1 for LONG BEACH BARACUDAS.
Shots for this period are 8 for ANCHORAGE ACES vs 14 for LONG BEACH BARACUDAS.

2nd period


0:01 of 2nd period - Tyler Bozak wins face-off versus Sidney Crosby in neutral zone.
0:24 of 2nd period - Shot by Sidney Crosby.
0:24 of 2nd period - Shot Misses the Net.
1:47 of 2nd period - Shot by Derick Brassard.
1:47 of 2nd period - Stopped by Martin Jones without a rebound.
1:48 of 2nd period - Leon Draisaitl wins face-off versus Nolan Patrick in ANCHORAGE ACES zone.
2:10 of 2nd period - Shot by Brad Richardson.
2:10 of 2nd period - Deflect By Kyle Palmieri.
2:10 of 2nd period - Stopped by Martin Jones without a rebound.
2:11 of 2nd period - Sidney Crosby wins face-off versus Nathan MacKinnon in ANCHORAGE ACES zone.
2:42 of 2nd period - Icing by Nathan MacKinnon.
2:43 of 2nd period - Steven Stamkos wins face-off versus Nathan MacKinnon in ANCHORAGE ACES zone.
3:00 of 2nd period - Shot by Steven Stamkos.
3:00 of 2nd period - Stopped by Martin Jones without a rebound.
3:01 of 2nd period - Leon Draisaitl wins face-off versus Nolan Patrick in ANCHORAGE ACES zone.
3:40 of 2nd period - Shot by Leon Draisaitl.
3:40 of 2nd period - Shot Misses the Net.
3:42 of 2nd period - Shot by Jacob Trouba.
3:42 of 2nd period - Stopped by Darcy Kuemper without a rebound.
3:43 of 2nd period - Sidney Crosby wins face-off versus Frank Vatrano in LONG BEACH BARACUDAS zone.
3:43 of 2nd period - Sidney Crosby is hit by Cal Clutterbuck.
4:38 of 2nd period - Shot by Connor McDavid.
4:38 of 2nd period - Goal by Connor McDavid - ANCHORAGE ACES : 1 - LONG BEACH BARACUDAS : 1.
4:39 of 2nd period - Steven Stamkos wins face-off versus Leon Draisaitl in neutral zone.
4:52 of 2nd period - Shot by Steven Stamkos.
4:52 of 2nd period - Shot Misses the Net.
4:54 of 2nd period - Shot by Ben Hutton.
4:54 of 2nd period - Shot Misses the Net.
6:02 of 2nd period - Shot by Kyle Palmieri.
6:02 of 2nd period - Stopped by Martin Jones without a rebound.
6:03 of 2nd period - Sidney Crosby wins face-off versus Nathan MacKinnon in ANCHORAGE ACES zone.
6:12 of 2nd period - Shot by Sam Reinhart.
6:12 of 2nd period - Stopped by Martin Jones with a rebound.
6:17 of 2nd period - Minor Penalty to Taylor Hall for Hooking.
6:18 of 2nd period - Derick Brassard wins face-off versus Nathan MacKinnon in LONG BEACH BARACUDAS zone.
6:18 of 2nd period - Derick Brassard is hit by Frank Vatrano.
7:09 of 2nd period - Shot by Leon Draisaitl.
7:09 of 2nd period - Stopped by Darcy Kuemper without a rebound.
7:10 of 2nd period - Brad Richardson wins face-off versus Connor McDavid in LONG BEACH BARACUDAS zone.
7:23 of 2nd period - Shot by Jacob Trouba.
7:23 of 2nd period - Deflect By Connor McDavid.
7:23 of 2nd period - Stopped by Darcy Kuemper with a rebound.
7:29 of 2nd period - Shot by Kyle Palmieri.
7:29 of 2nd period - Shot Blocked by Jacob Trouba.
7:31 of 2nd period - Shot by Brandon Montour.
7:31 of 2nd period - Shot Misses the Net.
8:13 of 2nd period - Shot by Brad Richardson.
8:13 of 2nd period - Stopped by Martin Jones without a rebound.
8:14 of 2nd period - Derick Brassard wins face-off versus Nathan MacKinnon in ANCHORAGE ACES zone.
8:47 of 2nd period - Off-side.
8:48 of 2nd period - Nathan MacKinnon wins face-off versus Derick Brassard in neutral zone.
9:20 of 2nd period - Icing by Ben Chiarot.
9:21 of 2nd period - Nathan MacKinnon wins face-off versus Sidney Crosby in ANCHORAGE ACES zone.
9:40 of 2nd period - Shot by Sam Reinhart.
9:40 of 2nd period - Stopped by Martin Jones without a rebound.
9:41 of 2nd period - Leon Draisaitl wins face-off versus Steven Stamkos in ANCHORAGE ACES zone.
10:14 of 2nd period - Shot by Kyle Connor.
10:14 of 2nd period - Shot Blocked by Darnell Nurse.
10:25 of 2nd period - Shot by Steven Stamkos.
10:25 of 2nd period - Stopped by Martin Jones with a rebound.
11:13 of 2nd period - Shot by Frank Vatrano.
11:13 of 2nd period - Shot Blocked by Jordan Oesterle.
11:15 of 2nd period - Shot by Deryk Engelland.
11:15 of 2nd period - Deflect By Tyler Bozak.
11:15 of 2nd period - Stopped by Darcy Kuemper without a rebound.
11:16 of 2nd period - Sidney Crosby wins face-off versus Nathan MacKinnon in LONG BEACH BARACUDAS zone.
11:16 of 2nd period - Sam Reinhart is hit by Joonas Donskoi and loses puck.
11:22 of 2nd period - Icing by Alex Pietrangelo.
11:23 of 2nd period - Sidney Crosby wins face-off versus Nathan MacKinnon in LONG BEACH BARACUDAS zone.
11:54 of 2nd period - Shot by Sam Reinhart.
11:54 of 2nd period - Shot Hit the Post.
12:38 of 2nd period - Icing by Brandon Montour.
12:39 of 2nd period - Jakob Silfverberg wins face-off versus Nolan Patrick in LONG BEACH BARACUDAS zone.
13:15 of 2nd period - Shot by Leon Draisaitl.
13:15 of 2nd period - Stopped by Darcy Kuemper with a rebound.
13:18 of 2nd period - Minor Penalty to Brandon Montour for Hooking.
13:19 of 2nd period - Derick Brassard wins face-off versus Chris Kreider in LONG BEACH BARACUDAS zone.
13:59 of 2nd period - Off-side.
14:00 of 2nd period - Connor McDavid wins face-off versus Brad Richardson in neutral zone.
14:37 of 2nd period - Shot by Jakob Silfverberg.
14:37 of 2nd period - Stopped by Darcy Kuemper without a rebound.
14:38 of 2nd period - Derick Brassard wins face-off versus Chris Kreider in LONG BEACH BARACUDAS zone.
14:46 of 2nd period - Off-side.
14:47 of 2nd period - Connor McDavid wins face-off versus Derick Brassard in neutral zone.
15:38 of 2nd period - Shot by Tyler Bozak.
15:38 of 2nd period - Deflect By Cal Clutterbuck.
15:38 of 2nd period - Stopped by Darcy Kuemper with a rebound.
15:48 of 2nd period - Shot by Cal Clutterbuck.
15:48 of 2nd period - Shot Blocked by Sam Reinhart.
16:34 of 2nd period - Shot by Tom Kuhnhackl.
16:34 of 2nd period - Stopped by Darcy Kuemper without a rebound.
16:35 of 2nd period - Steven Stamkos wins face-off versus Nathan MacKinnon in LONG BEACH BARACUDAS zone.
16:42 of 2nd period - Shot by Kyle Connor.
16:42 of 2nd period - Shot Misses the Net.
16:45 of 2nd period - Icing by Nathan MacKinnon.
16:46 of 2nd period - Nathan MacKinnon wins face-off versus Kyle Palmieri in ANCHORAGE ACES zone.
16:46 of 2nd period - Nathan MacKinnon is hit by Kyle Palmieri.
17:11 of 2nd period - Shot by Nolan Patrick.
17:11 of 2nd period - Stopped by Martin Jones with a rebound.
17:19 of 2nd period - Shot by Nolan Patrick.
17:19 of 2nd period - Shot Misses the Net.
17:21 of 2nd period - Shot by Brad Richardson.
17:21 of 2nd period - Deflect By Kyle Palmieri.
17:21 of 2nd period - Shot Blocked by Jacob Trouba.
18:09 of 2nd period - Shot by Kyle Connor.
18:09 of 2nd period - Shot Misses the Net.
18:11 of 2nd period - Shot by Steven Stamkos.
18:11 of 2nd period - Deflect By Kyle Connor.
18:11 of 2nd period - Stopped by Martin Jones without a rebound.
18:12 of 2nd period - Cal Clutterbuck wins face-off versus Sidney Crosby in ANCHORAGE ACES zone.
18:19 of 2nd period - Sidney Crosby is hit by Cal Clutterbuck and loses puck.
18:26 of 2nd period - Cal Clutterbuck is hit by Sidney Crosby.
19:04 of 2nd period - Shot by Elias Lindholm.
19:04 of 2nd period - Shot Misses the Net.
19:06 of 2nd period - Shot by Elias Lindholm.
19:06 of 2nd period - Shot Misses the Net.
19:14 of 2nd period - Ben Chiarot is hit by Steven Stamkos and loses puck.
19:25 of 2nd period - Shot by Steven Stamkos.
19:25 of 2nd period - Shot Misses the Net.
19:27 of 2nd period - Shot by Steven Stamkos.
19:27 of 2nd period - Stopped by Martin Jones without a rebound.
19:28 of 2nd period - Leon Draisaitl wins face-off versus Nolan Patrick in ANCHORAGE ACES zone.
19:39 of 2nd period - Shot by Leon Draisaitl.
19:39 of 2nd period - Stopped by Darcy Kuemper with a rebound.
19:55 of 2nd period - Shot by Jakob Silfverberg.
19:55 of 2nd period - Goal by Jakob Silfverberg - ANCHORAGE ACES : 2 - LONG BEACH BARACUDAS : 1.
19:56 of 2nd period - Taylor Hall wins face-off versus Nathan MacKinnon in neutral zone.
Goals for this period are 2 for ANCHORAGE ACES vs 0 for LONG BEACH BARACUDAS.
Shots for this period are 11 for ANCHORAGE ACES vs 11 for LONG BEACH BARACUDAS.

3rd period


0:01 of 3rd period - Sidney Crosby wins face-off versus Leon Draisaitl in neutral zone.
0:18 of 3rd period - Shot by Sam Reinhart.
0:18 of 3rd period - Shot Misses the Net.
0:44 of 3rd period - Shot by Sidney Crosby.
0:44 of 3rd period - Deflect By Sam Reinhart.
0:44 of 3rd period - Stopped by Martin Jones without a rebound.
0:45 of 3rd period - Steven Stamkos wins face-off versus Nathan MacKinnon in ANCHORAGE ACES zone.
1:04 of 3rd period - Shot by Steven Stamkos.
1:04 of 3rd period - Shot Misses the Net.
1:15 of 3rd period - Connor McDavid is hit by Jordan Oesterle and loses puck.
1:22 of 3rd period - Shot by Joonas Donskoi.
1:22 of 3rd period - Shot Misses the Net.
1:30 of 3rd period - Shot by Connor McDavid.
1:30 of 3rd period - Shot Misses the Net.
2:04 of 3rd period - Shot by Sidney Crosby.
2:04 of 3rd period - Shot Misses the Net.
2:06 of 3rd period - Shot by Zachary Werenski.
2:06 of 3rd period - Goal by Zachary Werenski - ANCHORAGE ACES : 2 - LONG BEACH BARACUDAS : 2.
2:07 of 3rd period - Sidney Crosby wins face-off versus Leon Draisaitl in neutral zone.
2:28 of 3rd period - Ryan Suter is hit by Alex Pietrangelo and loses puck.
2:38 of 3rd period - Leon Draisaitl is hit by Zachary Werenski and loses puck.
3:18 of 3rd period - Frank Vatrano is hit by Brad Richardson and loses puck.
3:44 of 3rd period - Kyle Palmieri is hit by Christian Folin and loses puck.
4:26 of 3rd period - Icing by Brad Richardson.
4:27 of 3rd period - Leon Draisaitl wins face-off versus Nolan Patrick in LONG BEACH BARACUDAS zone.
4:28 of 3rd period - Shot by Ryan Suter.
4:28 of 3rd period - Stopped by Darcy Kuemper without a rebound.
4:29 of 3rd period - Sidney Crosby wins face-off versus Leon Draisaitl in LONG BEACH BARACUDAS zone.
4:56 of 3rd period - Shot by Taylor Hall.
4:56 of 3rd period - Deflect By Sidney Crosby.
4:56 of 3rd period - Stopped by Martin Jones without a rebound.
4:57 of 3rd period - Steven Stamkos wins face-off versus Nathan MacKinnon in ANCHORAGE ACES zone.
4:58 of 3rd period - Shot by Elias Lindholm.
4:58 of 3rd period - Deflect By Kyle Connor.
4:58 of 3rd period - Stopped by Martin Jones without a rebound.
4:59 of 3rd period - Nathan MacKinnon wins face-off versus Steven Stamkos in ANCHORAGE ACES zone.
5:23 of 3rd period - Icing by Darnell Nurse.
5:24 of 3rd period - Nathan MacKinnon wins face-off versus Sidney Crosby in ANCHORAGE ACES zone.
6:13 of 3rd period - Shot by Sidney Crosby.
6:13 of 3rd period - Deflect By Sam Reinhart.
6:13 of 3rd period - Stopped by Martin Jones without a rebound.
6:14 of 3rd period - Leon Draisaitl wins face-off versus Steven Stamkos in ANCHORAGE ACES zone.
6:26 of 3rd period - Minor Penalty to Jordan Oesterle for Tripping.
6:27 of 3rd period - Nathan MacKinnon wins face-off versus Derick Brassard in LONG BEACH BARACUDAS zone.
6:34 of 3rd period - Shot by Nathan MacKinnon.
6:34 of 3rd period - Stopped by Darcy Kuemper without a rebound.
6:35 of 3rd period - Connor McDavid wins face-off versus Derick Brassard in LONG BEACH BARACUDAS zone.
6:57 of 3rd period - Shot by Connor McDavid.
6:57 of 3rd period - Goal by Connor McDavid - ANCHORAGE ACES : 3 - LONG BEACH BARACUDAS : 2.
6:58 of 3rd period - Sidney Crosby wins face-off versus Nate Thompson in neutral zone.
7:00 of 3rd period - Off-side.
7:01 of 3rd period - Steven Stamkos wins face-off versus Leon Draisaitl in neutral zone.
7:34 of 3rd period - Shot by Leon Draisaitl.
7:34 of 3rd period - Stopped by Darcy Kuemper without a rebound.
7:35 of 3rd period - Nathan MacKinnon wins face-off versus Sidney Crosby in LONG BEACH BARACUDAS zone.
7:52 of 3rd period - Shot by Nathan MacKinnon.
7:52 of 3rd period - The goal is going for a video replay.
7:52 of 3rd period - The goal is refused.
7:53 of 3rd period - Nate Thompson wins face-off versus Nolan Patrick in LONG BEACH BARACUDAS zone.
8:15 of 3rd period - Minor Penalty to Tom Kuhnhackl for Interference.
8:16 of 3rd period - Tyler Bozak wins face-off versus Steven Stamkos in ANCHORAGE ACES zone.
8:29 of 3rd period - Shot by Kyle Connor.
8:29 of 3rd period - Stopped by Martin Jones without a rebound.
8:30 of 3rd period - Sidney Crosby wins face-off versus Tyler Bozak in ANCHORAGE ACES zone.
8:51 of 3rd period - Shot by Taylor Hall.
8:51 of 3rd period - Stopped by Martin Jones without a rebound.
8:52 of 3rd period - Tyler Bozak wins face-off versus Steven Stamkos in ANCHORAGE ACES zone.
8:52 of 3rd period - Tyler Bozak is hit by Elias Lindholm.
9:27 of 3rd period - Icing by Elias Lindholm.
9:28 of 3rd period - Steven Stamkos wins face-off versus Nate Thompson in LONG BEACH BARACUDAS zone.
9:37 of 3rd period - Deryk Engelland is hit by Kyle Connor and loses puck.
9:44 of 3rd period - Shot by Sam Reinhart.
9:44 of 3rd period - Stopped by Martin Jones without a rebound.
9:45 of 3rd period - Tyler Bozak wins face-off versus Taylor Hall in ANCHORAGE ACES zone.
10:28 of 3rd period - Shot by Daniel Carr.
10:28 of 3rd period - Stopped by Martin Jones with a rebound.
11:19 of 3rd period - Icing by Ben Chiarot.
11:20 of 3rd period - Leon Draisaitl wins face-off versus Sidney Crosby in ANCHORAGE ACES zone.
11:46 of 3rd period - Jakob Silfverberg is hit by Zachary Werenski and loses puck.
12:04 of 3rd period - Shot by Taylor Hall.
12:04 of 3rd period - Shot Misses the Net.
13:11 of 3rd period - Icing by Deryk Engelland.
13:12 of 3rd period - Nathan MacKinnon wins face-off versus Nolan Patrick in ANCHORAGE ACES zone.
13:12 of 3rd period - Nathan MacKinnon is hit by Brad Richardson.
13:26 of 3rd period - Shot by Nathan MacKinnon.
13:26 of 3rd period - Shot Hit the Post.
13:45 of 3rd period - Shot by Kyle Palmieri.
13:45 of 3rd period - Deflect By Brad Richardson.
13:45 of 3rd period - Shot Misses the Net.
13:47 of 3rd period - Shot by Brad Richardson.
13:47 of 3rd period - Stopped by Martin Jones without a rebound.
13:48 of 3rd period - Sidney Crosby wins face-off versus Tyler Bozak in ANCHORAGE ACES zone.
13:53 of 3rd period - Shot by Taylor Hall.
13:53 of 3rd period - Shot Misses the Net.
13:55 of 3rd period - Shot by Taylor Hall.
13:55 of 3rd period - Shot Blocked by Jacob Trouba.
13:57 of 3rd period - Shot by Taylor Hall.
13:57 of 3rd period - Stopped by Martin Jones without a rebound.
13:58 of 3rd period - Sidney Crosby wins face-off versus Nate Thompson in ANCHORAGE ACES zone.
13:59 of 3rd period - Shot by Sam Reinhart.
13:59 of 3rd period - Shot Misses the Net.
14:01 of 3rd period - Shot by Alex Pietrangelo.
14:01 of 3rd period - Shot Misses the Net.
14:06 of 3rd period - Icing by Darnell Nurse.
14:07 of 3rd period - Sidney Crosby wins face-off versus Nate Thompson in ANCHORAGE ACES zone.
14:25 of 3rd period - Off-side.
14:26 of 3rd period - Steven Stamkos wins face-off versus Leon Draisaitl in neutral zone.
15:30 of 3rd period - Icing by Christian Folin.
15:31 of 3rd period - Sidney Crosby wins face-off versus Nathan MacKinnon in ANCHORAGE ACES zone.
15:40 of 3rd period - Shot by Sam Reinhart.
15:40 of 3rd period - Stopped by Martin Jones without a rebound.
15:41 of 3rd period - Tyler Bozak wins face-off versus Sam Reinhart in ANCHORAGE ACES zone.
15:41 of 3rd period - Tyler Bozak is hit by Sam Reinhart.
16:23 of 3rd period - Shot by Taylor Hall.
16:23 of 3rd period - Shot Misses the Net.
16:40 of 3rd period - Brandon Montour is hit by Jacob Trouba and loses puck.
16:43 of 3rd period - Shot by Brad Richardson.
16:43 of 3rd period - Stopped by Martin Jones without a rebound.
16:44 of 3rd period - Leon Draisaitl wins face-off versus Steven Stamkos in ANCHORAGE ACES zone.
16:44 of 3rd period - Leon Draisaitl is hit by Kyle Connor.
16:56 of 3rd period - Shot by Chris Kreider.
16:56 of 3rd period - Deflect By Leon Draisaitl.
16:56 of 3rd period - Shot Misses the Net.
17:01 of 3rd period - Icing by Brandon Montour.
17:02 of 3rd period - Steven Stamkos wins face-off versus Nathan MacKinnon in LONG BEACH BARACUDAS zone.
17:15 of 3rd period - Shot by Nathan MacKinnon.
17:15 of 3rd period - Shot Misses the Net.
18:03 of 3rd period - Shot by Kyle Palmieri.
18:03 of 3rd period - Stopped by Martin Jones without a rebound.
18:04 of 3rd period - Sidney Crosby wins face-off versus Leon Draisaitl in ANCHORAGE ACES zone.
18:36 of 3rd period - Shot by Taylor Hall.
18:36 of 3rd period - Stopped by Martin Jones with a rebound.
18:48 of 3rd period - Shot by Sidney Crosby.
18:48 of 3rd period - Stopped by Martin Jones without a rebound.
18:49 of 3rd period - Tyler Bozak wins face-off versus Nolan Patrick in ANCHORAGE ACES zone.
18:58 of 3rd period - Brad Richardson is hit by Cal Clutterbuck and loses puck.
19:04 of 3rd period - Ben Hutton is hit by Cal Clutterbuck.
19:06 of 3rd period - LONG BEACH BARACUDAS, Darcy Kuemper is pulled from the net.
19:06 of 3rd period - Shot by Kyle Palmieri.
19:06 of 3rd period - Deflect By Brad Richardson.
19:06 of 3rd period - Shot Misses the Net.
19:18 of 3rd period - Shot by Brad Richardson.
19:18 of 3rd period - Shot Misses the Net.
Goals for this period are 1 for ANCHORAGE ACES vs 1 for LONG BEACH BARACUDAS.
Shots for this period are 5 for ANCHORAGE ACES vs 16 for LONG BEACH BARACUDAS.


SEBASTIAN
AHO
MARK
SCHEIFELE
JAKE
OETTINGER

EAST COAST

HOCKEY LEAGUE

  • 17.QUE3CHI2
  • 18.CHA2LIM4
  • 19.TRV3LON2
  • 20.CHW1BAL2
  • 21.PITMAN
  • 22.ATLNHW
  • 23.WORPET
  • 24.RHI